 Dungeon Crawl Stone Soup version 0.26.1-2-gb8aa6d0cf2 (console) character file.

Game seed: 7419614289521479386

130 om the Firebug (level 4, -3/24 HPs)
             Began as a Deep Elf Fire Elementalist on Feb 19, 2021.
             Slain by an adder (5 damage)
             ... on level 3 of the Dungeon.
             The game lasted 00:05:36 (3727 turns).

om the Firebug (Deep Elf Fire Elementalist)         Turns: 3727, Time: 00:05:37

Health: -3/24      AC:  2    Str:  6    XL:     4   Next: 89%
Magic:  5/11       EV: 13    Int: 20    God:
Gold:   153        SH:  0    Dex: 15    Spells: 2/10 levels left

rFire    . . .     SeeInvis .   h - +1 dagger
rCold    . . .     Faith    .   (no shield)
rNeg     . . .     Spirit   .   a - +0 robe
rPois    .         Reflect  .   (no helmet)
rElec    .         Harm     .   (no cloak)
rCorr    .         Rampage  .   (no gloves)
Will     .....                  (no boots)
Stlth    ++........             (no amulet)
HPRegen  0.08/turn              (no ring)
MPRegen  0.12/turn              (no ring)

@: lethally poisoned (-3 -> -16), very slightly contaminated
A: no striking features
a: no special abilities


You were on level 3 of the Dungeon.
You visited 1 branch of the dungeon, and saw 3 of its levels.

You collected 153 gold pieces.

Inventory:

Hand Weapons
 h - a +1 dagger (weapon)
Armour
 a - a +0 robe (worn)
Wands
 n - a wand of flame (11)
Scrolls
 c - a scroll of remove curse {unknown}
 d - a scroll of blinking {unknown}
 e - a scroll of amnesia {unknown}
 f - 3 scrolls of fog {unknown}
 i - a scroll of teleportation
 j - a scroll of enchant weapon
 k - a scroll of enchant armour {unknown}
 m - 2 scrolls of fear {unknown}
Potions
 b - a potion of might
 g - a potion of curing
 l - a potion of lignification
 o - a potion of haste {unknown}


   Skills:
 + Level 3.1 Dodging
 + Level 3.2 Stealth
 + Level 3.7 Spellcasting
 * Level 3.0 Conjurations
 * Level 4.4 Fire Magic


You had 2 spell levels left.
You knew the following spells:

 Your Spells              Type           Power        Failure   Level
a - Foxfire               Conj/Fire      72%          3%          1
b - Conjure Flame         Conj/Fire      18%          9%          3
c - Sticky Flame          Conj/Fire      18%          28%         4

Your spell library contained the following spells:

 Spells                   Type           Power        Failure   Level
 Inner Flame              Hex/Fire       12%          16%         3
 Fireball                 Conj/Fire      9%           63%         5


Dungeon Overview and Level Annotations

Branches:
Dungeon (3/15)

Altars:
Makhleb


Message History

You feel sick.
The foxfire hits the adder.
The adder is heavily wounded.
The adder bites you. The goblin hits you.
Casting: Foxfire (safe; 3% risk of failure)
Press: ? - help, Q - select action, (/) - cycle Dir - look around, f - activate You conjure some foxfire!
You feel sick. The adder closely misses you. The goblin barely misses you.
Casting: Foxfire (safe; 3% risk of failure)
Press: ? - help, Q - select action, (/) - cycle Dir - look around, f - activate Nothing appears to happen.
The foxfire hits the adder.
The adder is almost dead.
The adder bites you. The goblin hits you.
* * * LOW HITPOINT WARNING * * *
* * * LOW HITPOINT WARNING * * *
You feel sick. The adder bites you.
* * * LOW HITPOINT WARNING * * *
You are more poisoned.
The adder poisons you! The adder bites you.
You die...

#.# #.# #####.#####
#.........#
#.###.###.#
.########.# #.# #.#
..........###.# #.#
########...##.# #.#
#..........# #.#
####.###...##S###.#
#....# ##.##g.@##.#
#.#### #.#.###.#.# #.#
#†#§# #.#.## #.#
#§§.###....#
###.#######g##...###÷#
............##>### #.#
###.####.#####.# #÷#
#.# #..# #.# #.# #.#
#..# #.# #.# #.# #.†#
#.# #.# ..# #..# #.#
#.#


You could see an adder and a goblin.

Vanquished Creatures
  4 gnolls
  3 adders (D:2)
  A dart slug (D:3)
  3 leopard geckos
  An orc (D:3)
  3 giant cockroaches
  9 goblins
  5 hobgoblins
  5 jackals
  2 ball pythons (D:2)
  7 bats
  5 frilled lizards
  3 kobolds (D:2)
  10 rats
61 creatures vanquished.

Vanquished Creatures (others)
  149 foxfires
149 creatures vanquished.

Grand Total: 210 creatures vanquished

Notes
Turn   | Place    | Note
-------+----------+-------------------------------------------
     0 | D:1      | om the Deep Elf Fire Elementalist began the quest for the
                  | Orb.
     0 | D:1      | Reached XP level 1. HP: 10/10 MP: 6/6
   490 | D:1      | Reached XP level 2. HP: 15/15 MP: 2/8
  1373 | D:1      | Reached XP level 3. HP: 19/19 MP: 7/9
  1558 | D:2      | Learned a level 3 spell: Conjure Flame
  1571 | D:2      | Found a burning altar of Makhleb.
  2110 | D:2      | Reached skill level 4 in Fire Magic
  2139 | D:2      | Reached XP level 4. HP: 23/24 MP: 2/11
  2272 | D:2      | Learned a level 4 spell: Sticky Flame
  3727 | D:3      | Slain by an adder

Illustrated notes

Levels and vault maps discovered:
D:1:      ncdulo_lavacross, layout_rooms, nrook_mini_vaults, minmay_liquid_box,
          minmay_misc_feat_rugged
D:2:      minmay_chambers_of_ones, layout_basic, makhleb_grotto_becter
D:3:      layout_loops_ring

Skill      XL: |  1  2  3  4 |
---------------+-------------+-----
Conjurations   | 2 3 |  3.0
Fire Magic     | 4 |  4.4
Stealth        | 3 |  3.2
Dodging        | 3 |  3.1
Spellcasting   | |  3.7

Action                   |  1- 3 |  4- 6 || total
-------------------------+-------+-------++-------
Melee: Unarmed           |     2 |       ||     2
       Dagger            |    19 |    20 ||    39
 Cast: Foxfire           |    46 |    43 ||    89
       Conjure Flame     |       |     1 ||     1
  Use: Scroll            |     2 |     3 ||     5
 Stab: Sleeping          |       |     4 ||     4
Armor: Robe              |     7 |     2 ||     9
Dodge: Dodged            |    24 |    14 ||    38
